 Dungeon Crawl Stone Soup version 0.30-a0-760-g5a9884bb7c (webtiles) character file.

Game seed: 6863985180011799631

21158 Taran the Brawler (level 12, -1/150 HPs)
             Began as a Grey Draconian Berserker on Feb 11, 2023.
             Was an Elder of Trog.
             Killed by divine providence
             ... invoked by an orc high priest
              (16 damage)
             ... on level 2 of the Orcish Mines on Feb 12, 2023.
             The game lasted 00:39:45 (18570 turns).

Taran the Brawler (Grey Draconian Berserker)       Turns: 18570, Time: 00:39:45

Health: -1/150     AC: 22    Str: 24    XL:     12   Next: 51%
Magic:  12/12      EV: 16    Int:  7    God:    Trog [****..]
Gold:   1034       SH:  0    Dex: 12    Spells: 11/11 levels left

rFire   . . .      SeeInvis .      - Unarmed
rCold   . . .      Faith    .    (no shield)
rNeg    . . .      Spirit   .    (body armour unavailable)
rPois   .          Reflect  .    (helmet restricted)
rElec   .          Harm     .    (no cloak)
rCorr   +          Rampage  .    q - +1 pair of gloves
Will    ++...                    x - +2 pair of boots {Fly} Stlth
                                 (no amulet)
HPRegen 1.45/turn                y - +4 ring of protection
MPRegen 0.13/turn                v - ring of resist corrosion

@: berserking, lethally poisoned (-1 -> -6), strong-willed, flying,
regenerating, very quick
A: AC +13, amphibious, unfitting armour, cold-blooded
a: Renounce Religion, Berserk, Trog's Hand, Brothers in Arms


You were on level 2 of the Orcish Mines.
You worshipped Trog.
Trog was greatly pleased with you.
You visited 2 branches of the dungeon, and saw 14 of its levels.

You collected 1034 gold pieces.

Inventory:

Missiles
 m - 3 throwing nets (quivered)
Armour
 q - a +1 pair of gloves (worn)
 x - a +2 pair of boots of flying (worn)
Jewellery
 v - a ring of resist corrosion (right hand)
 y - a +4 ring of protection (left hand)
 B - a ring of positive energy
Wands
 g - a wand of iceblast (15)
 u - a wand of polymorph (7)
 w - a wand of mindburst (3)
 A - a wand of acid (4)
Scrolls
 b - 7 scrolls of identify
 e - 3 scrolls of enchant armour
 h - 3 scrolls of teleportation
 i - 5 scrolls of blinking
 k - 2 scrolls of fear {unknown}
 n - a scroll of enchant weapon {unknown}
 p - 3 scrolls of vulnerability {unknown}
 s - a scroll of amnesia {unknown}
 t - a scroll of poison {unknown}
 C - a scroll of torment {unknown}
Potions
 a - 3 potions of might
 c - 2 potions of cancellation
 d - 2 potions of magic
 f - a potion of invisibility {unknown}
 j - a potion of ambrosia
 l - a potion of degeneration {unknown}
 o - a potion of flight
 r - 8 potions of curing
 z - a potion of heal wounds {unknown}


   Skills:
 + Level 7.5 Fighting
 + Level 9.7 Dodging
 + Level 5.7 Stealth
 + Level 18.3 Unarmed Combat


You had 11 spell levels left.
You didn't know any spells.
Your spell library was empty.

Dungeon Overview and Level Annotations

Branches:
Dungeon (12/15)            Temple (0/1) D:6            Lair (0/5) D:10
    Orc (2/2) D:12            Elf (0/3) Orc:2

Altars:
Cheibriados
Dithmenos
Fedhas
Gozag
Hepliaklqana
Okawaru
Wu Jian
Zin

Shops:
D:6 :   D:10 [   Orc:2 :[(

Annotations:
D:8 3 runed translucent doors, dolemite99's ghost, novice DsCj


Innate Abilities, Weirdness & Mutations

Your dull iron-grey scales are very hard. (AC +13)
You are amphibious.
You cannot fit into any form of body armour.
You are cold-blooded and may be slowed by cold attacks.


Message History

* * * LOW HITPOINT WARNING * * *
A warg comes into view.
The orange demon misses you.
The orange demon stings you but does no damage.
Your ogre goes berserk!
Trog will no longer gift you weapons.
You feel sick.
You are no longer poisoned.
The orc high priest prays to Beogh.
The orc warrior hits you but does no damage.
The orange demon misses you. x2
You hear a howl!
A red film seems to cover your vision as you go berserk!
You feel yourself moving faster!
You feel mighty! The orc warrior misses you.
The orc high priest hits you but does no damage.
The orange demon stings you from afar.
* * * LOW HITPOINT WARNING * * *
You are poisoned.
The orange demon poisons you!
The orange demon stings you but does no damage.
The hellwing swoops through the air toward you!
The hellwing barely misses you.
The hellwing hits you but does no damage.
You punch the hellwing!
Your tail-slap misses the hellwing.
The hellwing is moderately wounded.
You feel very sick.
You feel very sick.
An orc warrior comes into view.
It is wielding a +0 war axe of freezing.
The orc high priest closely misses you.
The orc sorcerer hits your ogre with a +0 dagger.
Your ogre hits the orc warrior with a +0 giant club!!!
The orc warrior dies!
Trog accepts your kill.
The orange demon stings you but does no damage.
The hellwing barely misses you. The hellwing closely misses you.
You feel a strong urge to attack something.
You feel very sick.
The orc high priest mumbles some strange prayers to Beogh against you.
Beogh smites you!
You die...

#.)...).[[.........P..#....#
[[...........)............##
..........................#
.......................#.##
..........................##
...........................#
..#.....#....#.........#..##
......###...###.........###
#.#..###...## ##@.......#.##
##.........####..4......>..#
##.....P....##ooO.#......##
#..........#4..o4.......##
.P......P..o#oo..#.......#
......3....T.###.##...#
.8.∩..........#..##...#
....Po............##.##
.........##...#...####


You could see 2 orc high priests, 2 orange demons, a hellwing (summoned), a
troll, an orc sorcerer, 4 orc warriors and a friendly ogre (summoned, berserk).

Vanquished Creatures
  An orc warlord (Orc:2)
  Harold (D:10)
  Erica (D:9)
  3 two-headed ogres
  2 orc high priests (Orc:2)
  An orc knight (Orc:2)
  A deep elf pyromancer (D:12)
  3 orc sorcerers (Orc:2)
  2 cyclopes (D:11)
  A manticore (D:6)
  2 gargoyles (D:12)
  5 kobold demonologists
  A freezing wraith (D:12)
  A hornet (D:11)
  6 trolls
  7 slime creatures (D:12)
  A water elemental (D:12)
  10 yaks
  A wyvern (D:6)
  A basilisk (D:12)
  A vampire mosquito (D:11)
  A steam dragon (D:10)
  A warg (Orc:2)
  3 acid dragons
  A water moccasin (D:6)
  A sky beast (D:7)
  17 orc warriors
  7 ogres
  2 wolves (D:10)
  A centaur (D:9)
  2 phantoms
  The ghost of theblackgale the Firebug, an amateur DsFE of Hepliaklqana (D:3)
  4 kobold brigands
  4 bullfrogs
  2 gnoll sergeants
  3 scorpions
  3 wights (D:8)
  9 killer bees
  2 electric eels (D:12)
  3 howler monkeys
  6 hounds
  3 jellies
  A gnoll bouda (D:6)
  6 orc priests
  Terence (D:3)
  7 iguanas
  13 orc wizards
  12 adders
  10 gnolls
  4 worms
  5 dart slugs
  60 orcs
  6 endoplasms
  5 giant cockroaches
  9 hobgoblins
  11 jackals
  15 kobolds
  10 quokkas
  3 ball pythons
  3 bats
  3 frilled lizards
  13 goblins
  8 rats
333 creatures vanquished.

Vanquished Creatures (collateral kills)
  An orc warrior (Orc:2)
1 creature vanquished.

Vanquished Creatures (others)
  An orc wizard (Orc:2)
  An orc (Orc:2)
  A bat (D:2)
  15 fungi (Orc:2)
18 creatures vanquished.

Grand Total: 352 creatures vanquished

Notes
Turn   | Place    | Note
-------+----------+-------------------------------------------
     0 | D:1      | Taran the Draconian Berserker began the quest for the Orb.
     0 | D:1      | Reached XP level 1. HP: 19/19 MP: 1/1
   278 | D:1      | Reached XP level 2. HP: 14/26 MP: 2/2
   568 | D:1      | Reached XP level 3. HP: 30/33 MP: 3/3
   667 | D:1      | Reached ** piety under Trog
  1528 | D:2      | Reached XP level 4. HP: 24/40 MP: 4/4
  1827 | D:2      | Reached skill level 4 in Unarmed Combat
  2484 | D:2      | Found a faded altar of an unknown god.
  2676 | D:3      | Reached *** piety under Trog
  2697 | D:3      | Reached XP level 5. HP: 45/46 MP: 5/5
  2849 | D:3      | Noticed Terence
  2861 | D:3      | Killed Terence
  3031 | D:3      | Found a runed translucent door.
  3032 | D:3      | Noticed theblackgale's ghost (amateur DsFE)
  3051 | D:3      | Found a hazy altar of Hepliaklqana.
  3369 | D:3      | Killed theblackgale's ghost
  3370 | D:3      | Reached skill level 1 in Stealth
  3370 | D:3      | Reached skill level 5 in Unarmed Combat
  3460 | D:4      | Reached XP level 6. HP: 46/52 MP: 6/6
  4299 | D:5      | Entered Level 5 of the Dungeon
  4821 | D:5      | Reached skill level 6 in Unarmed Combat
  5175 | D:5      | Your scales start taking on a dull iron-grey colour.
  5175 | D:5      | Reached XP level 7. HP: 59/59 MP: 7/7
  5957 | D:5      | Noticed a yak
  6458 | D:6      | Reached skill level 7 in Unarmed Combat
  6993 | D:6      | Noticed a wyvern
  6997 | D:6      | Noticed a manticore
  7007 | D:6      | Killed a wyvern
  7008 | D:6      | Reached skill level 5 in Dodging
  7008 | D:6      | Reached XP level 8. HP: 20/67 MP: 8/8
  7013 | D:6      | Killed a manticore
  7014 | D:6      | Reached skill level 8 in Unarmed Combat
  7281 | D:6      | Found a staircase to the Ecumenical Temple.
  7494 | D:6      | Found Rienonuf's Tremendous Tomes.
  7519 | D:6      | Found an opulent altar of Gozag.
  7525 | D:6      | Found a blossoming altar of Fedhas.
  7636 | D:6      | Reached skill level 5 in Fighting
  7636 | D:6      | Reached skill level 9 in Unarmed Combat
  8214 | D:7      | Reached XP level 9. HP: 67/74 MP: 9/9
  8485 | D:7      | Reached skill level 10 in Unarmed Combat
  9220 | D:7      | Reached skill level 11 in Unarmed Combat
  9306 | D:8      | Found an iron altar of Okawaru.
  9309 | D:8      | Found a glowing silver altar of Zin.
  9449 | D:8      | Reached skill level 12 in Unarmed Combat
 10368 | D:8      | Found a runed translucent gate.
 10368 | D:8      | Found a runed translucent gate.
 10369 | D:8      | Found a runed translucent gate.
 10371 | D:8      | Noticed dolemite99's ghost (novice DsCj)
 10371 | D:8      | Identified the +5 chain mail of Bedevilment {Fly rC+ rN+}
 10449 | D:8      | Found an ornate altar of the Wu Jian Council.
 10449 | D:8      | Found a shadowy altar of Dithmenos.
 10839 | D:9      | Reached skill level 13 in Unarmed Combat
 10849 | D:9      | Reached skill level 5 in Stealth
 11014 | D:9      | Noticed a kobold demonologist
 11015 | D:9      | Noticed Erica
 11015 | D:9      | Noticed a kobold demonologist
 11052 | D:9      | Killed a kobold demonologist
 11053 | D:9      | Reached XP level 10. HP: 83/83 MP: 10/10
 11084 | D:9      | Killed Erica
 11085 | D:9      | Reached skill level 14 in Unarmed Combat
 11968 | D:10     | Entered Level 10 of the Dungeon
 12136 | D:10     | Noticed a smoke demon
 12139 | D:10     | Noticed a soul eater
 12139 | D:10     | Noticed a soul eater
 12154 | D:10     | Noticed an orange demon
 12156 | D:10     | Reached **** piety under Trog
 12157 | D:10     | Reached skill level 15 in Unarmed Combat
 12419 | D:10     | Found a snail-covered altar of Cheibriados.
 12419 | D:10     | Found Cheibriados's Comfort Zone.
 13231 | D:10     | Found a staircase to the Lair.
 13879 | D:10     | Noticed Harold
 13909 | D:10     | Killed Harold
 13910 | D:10     | Reached XP level 11. HP: 34/91 MP: 11/11
 13924 | D:10     | Noticed a two-headed ogre
 13950 | D:10     | Killed a two-headed ogre
 14599 | D:11     | Reached skill level 16 in Unarmed Combat
 14600 | D:11     | Paralysed by a hornet for 3 turns
 15609 | D:12     | Noticed a two-headed ogre
 15676 | D:12     | Killed a two-headed ogre
 16316 | D:12     | Reached skill level 17 in Unarmed Combat
 16719 | D:12     | Noticed a deep elf pyromancer
 16727 | D:12     | Killed a deep elf pyromancer
 17276 | D:12     | Found a staircase to the Orcish Mines.
 17285 | Orc:1    | Entered Level 1 of the Orcish Mines
 17315 | Orc:2    | Entered Level 2 of the Orcish Mines
 17316 | Orc:2    | Found Qocs's Antique Weapon Emporium.
 17316 | Orc:2    | Noticed an orc knight
 17317 | Orc:2    | Noticed an orc sorcerer
 17332 | Orc:2    | Noticed a sun demon
 17336 | Orc:2    | Reached XP level 12. HP: 92/100 MP: 12/12
 17489 | Orc:2    | Noticed a two-headed ogre
 17518 | Orc:2    | Noticed an orc high priest
 17521 | Orc:2    | Killed a two-headed ogre
 17527 | Orc:2    | Noticed an orc high priest
 17529 | Orc:2    | Killed an orc high priest
 17748 | Orc:2    | Killed an orc high priest
 17790 | Orc:2    | Reached skill level 18 in Unarmed Combat
 17977 | Orc:2    | Found Jiuriun's Book Shoppe.
 17986 | Orc:2    | Paralysed by an orc sorcerer for 5 turns
 18044 | Orc:2    | Noticed an orc warlord
 18077 | Orc:2    | Killed an orc warlord
 18345 | Orc:2    | Reached ***** piety under Trog
 18534 | Orc:2    | Found a staircase to the Elven Halls.
 18550 | Orc:2    | Noticed an orc high priest
 18552 | Orc:2    | Found Jyaloxti's Antique Armour Emporium.
 18558 | Orc:2    | Noticed an orc high priest
 18570 | Orc:2    | Killed from afar by an orc high priest

Illustrated notes

Levels and vault maps discovered:
D:1:      dpeg_arrival_circle_labyrinth_c, layout_basic
D:2:      minmay_razor_zed, layout_rooms, dilly_ecumenical_altar_fadedgnrine,
          nicolae_elevator_lobby_asterisk
D:3:      layout_basic, mainiacjoe_overflow_boulevard, gammafunk_ghost_grave,
          st_stairs_7, uniq_terence
D:4:      nicolae_cairo_tiling_large, layout_cave_pools
D:5:      layout_basic, lightli_corner_chamber
D:6:      layout_gridville, grunt_temple_overflow_open,
          minmay_temple_entry_drinking_statues, nicolae_shop_i_like_big_books,
          minmay_manual_monolith
D:7:      layout_rooms
D:8:      layout_loops_ring, nicolae_overflow_hidden_temple,
          biasface_ghost_orc_armoury
D:9:      layout_basic, nicolae_two_hexagons, uniq_erica
D:10:     layout_basic, erik_lair_island, minmay_shop_chei, uniq_harold
D:11:     layout_basic, gauntlet_entry_generic
D:12:     layout_cave_pools, erik_orc_2, serial_column_ruins, column_ruins_hut,
          column_ruins_hut, column_ruins_open_small,
          column_ruins_open_small_water, column_ruins_columns_dead_end
Orc:1:    layout_diamond_mine, nicolae_volcano_entry_two_sided
Orc:2:    grunt_orc_gardens, layout_caves, grunt_orc_garden, grunt_orc_garden,
          grunt_orc_garden, grunt_orc_garden, basic_altar

Skill      XL: |  1  2  3  4  5  6  7  8  9 10 11 12 |
---------------+-------------------------------------+-----
Dodging        | 3 4 5 6 8 9 |  9.7
Fighting       | 4 5 6 7 |  7.5
Unarmed Combat | 4 5 6 7 9 13 15 17 18 | 18.3
Stealth        | 1 3 4 5 |  5.7

Action                     |  1- 3 |  4- 6 |  7- 9 | 10-12 || total
---------------------------+-------+-------+-------+-------++-------
  Melee: Unarmed           |   147 |   271 |   315 |   540 ||  1273
         Tailslap          |    16 |    17 |    48 |    82 ||   163
         Punch             |     1 |     6 |    10 |    46 ||    63
 Invoke: Berserk           |       |     3 |     5 |     8 ||    16
         Trog's Hand       |       |     2 |     2 |    10 ||    14
         Brothers in Arms  |       |       |       |     1 ||     1
    Use: Scroll            |       |       |    14 |       ||    14
   Stab: Sleeping          |     1 |     5 |     5 |     1 ||    12
         Distracted        |       |       |     2 |     2 ||     4
 Armour: Skin              |    73 |    78 |   124 |   184 ||   459
  Dodge: Dodged            |   107 |   154 |   233 |   344 ||   838

Table legend: (Time is in decaauts)
 A = Elapsed time spent in this place.
 B = Non-inter-level travel time spent in this place.
 C = Inter-level travel time spent in this place.
 D = Time resting spent in this place.
 E = Time spent auto-exploring this place.
 F = Levels seen in this place.
 G = Mean time per level.
                   A        B        C        D        E       F      G
               +--------+--------+--------+--------+--------+-----+--------+
         Total |  18475 |  18462 |     13 |   8168 |   6783 |  14 | 1319.6 |
       Dungeon |  17220 |  17207 |     13 |   7334 |   6664 |  12 | 1435.0 |
  Orcish Mines |   1255 |   1255 |      0 |    833 |    119 |   2 |  627.5 |
               +--------+--------+--------+--------+--------+-----+--------+

Top non-repeatable levels by time:
    D:10: 2127 daAuts
     D:5: 2070 daAuts
     D:6: 1821 daAuts
    D:12: 1763 daAuts
     D:8: 1407 daAuts
    D:11: 1368 daAuts
     D:2: 1311 daAuts
     D:9: 1249 daAuts
     D:1: 1217 daAuts
     D:7: 1114 daAuts
   Orc:2: 929 daAuts
     D:4: 896 daAuts
     D:3: 874 daAuts
   Orc:1: 326 daAuts
